 Dungeon Crawl Stone Soup version 0.30-a0-867-g305f33218d (webtiles) character file.

Game seed: 721892281678885465

6096 Hubris850 the Basher (level 10, -1/92 HPs)
             Began as an Ogre Gladiator on Mar 10, 2023.
             Was an Initiate of Gozag.
             Slain by a yak (11 damage)
             ... on level 10 of the Dungeon.
             The game lasted 00:23:05 (11000 turns).

Hubris850 the Basher (Ogre Gladiator)              Turns: 11000, Time: 00:23:06

Health: -1/92      AC:  5    Str: 20    XL:     10   Next: 88%
Magic:  0/15       EV: 15    Int: 11    God:    Gozag
Gold:   1898       SH:  0    Dex: 10    Spells: 13/16 levels left

rFire   . . .      SeeInvis .    a - +3 giant spiked club
rCold   . . .      Faith    .    (shield currently unavailable)
rNeg    . . .      Spirit   +    P - +0 robe "Luleggom" {rPois}
rPois   +          Reflect  .    c - +2 hat
rElec   +          Rampage  .    (no cloak)
rCorr   .                        (gloves unavailable)
Will    +....                    (boots unavailable)
Stlth   +++                      G - amulet of guardian spirit
HPRegen 0.35/turn                w - ring of Shadows {Umbra +Inv Stlth+}
MPRegen 0.14/turn                o - ring of the Rescuing Gods {rElec rPois EV+5 Int-2}

@: gold aura, wreathed by umbra, studying Unarmed Combat
A: large, unfitting armour, tough skin 1
a: Renounce Religion, Evoke Invisibility, Potion Petition, Call Merchant, Bribe
Branch


You were on level 10 of the Dungeon.
You worshipped Gozag.
Gozag was most pleased with you.
You visited 1 branch of the dungeon, and saw 10 of its levels.

You collected 1898 gold pieces.

Inventory:

Hand Weapons
 a - a +3 giant spiked club (weapon)
 b - a +3 hand axe of flaming
 u - a +1 whip of draining
 M - a +0 flail
Missiles
 d - 7 throwing nets
 k - 23 poisoned darts (quivered)
 x - a large rock
 C - 8 boomerangs
Armour
 c - a +2 hat (worn)
 D - a +0 robe
 P - the +0 robe "Luleggom" (worn) {rPois}
   (You found it on level 10 of the Dungeon)

   rPois:     It protects you from poison.
Jewellery
 o - the ring of the Rescuing Gods (right hand) {rElec rPois EV+5 Int-2}
   (You acquired it on level 5 of the Dungeon)

   [ring of evasion]

   EV:        It affects your evasion (+5).
   Int:       It affects your intelligence (-2).
   rElec:     It insulates you from electricity.
   rPois:     It protects you from poison.
 w - the ring of Shadows (left hand) {Umbra +Inv Stlth+}
   (You found it on level 8 of the Dungeon)

   [ring of stealth]

   Umbra:     It surrounds you with an aura of shadow, increasing your stealth
   and reducing the accuracy of all others within it.
   +Inv:      It lets you turn invisible.
   Stlth:     It makes you more stealthy.
 G - an amulet of guardian spirit (around neck)
 L - a ring of willpower
Wands
 q - a wand of paralysis (8)
 y - a wand of light (7)
 A - a wand of iceblast (7)
 I - a wand of polymorph (4)
 K - a wand of mindburst (17)
Scrolls
 g - a scroll of fear
 h - 2 scrolls of poison
 j - 2 scrolls of vulnerability
 m - a scroll of fog
 p - a scroll of enchant armour
 r - 5 scrolls of teleportation
 s - 2 scrolls of amnesia
 N - a scroll of identify
Potions
 e - 2 potions of might
 f - 3 potions of cancellation
 i - 2 potions of mutation {unknown}
 l - 4 potions of attraction {unknown}
 n - 2 potions of flight
 t - a potion of ambrosia
 v - a potion of resistance
 z - 2 potions of invisibility {unknown}
 B - 2 potions of brilliance
 E - a potion of heal wounds {unknown}
 F - a potion of curing
 H - 3 potions of degeneration {unknown}
 J - a potion of haste
 O - a potion of berserk rage {unknown}


   Skills:
 - Level 4.0 Fighting
 * Level 12.7 Maces & Flails
 - Level 4.0 Throwing
 - Level 4.0 Dodging
 - Level 3.8 Spellcasting
 - Level 1.2 Conjurations
 - Level 1.2 Earth Magic
 - Level 4.0 Evocations


You had 13 spell levels left.
You knew the following spells:

 Your Spells              Type           Power      Damage    Failure   Level
a - Stone Arrow           Conj/Erth      8%         3d7       41%         3

Your spell library contained the following spells:

 Spells                   Type           Power      Damage    Failure   Level
 Sandblast                Erth           8%         2d5       14%         1
 Passwall                 Tmut/Erth      2%         N/A       28%         2
 Sublimation of Blood     Necr           2%         N/A       36%         2
 Wereblood                Tmut           2%         N/A       36%         2
 Inner Flame              Hex/Fire       2%         N/A       58%         3
 Portal Projectile        Hex/Tloc       4%         N/A       58%         3
 Tukima's Dance           Hex            2%         N/A       58%         3
 Flame Wave               Conj/Fire      3%         2d5       88%         4
 Sticky Flame             Conj/Fire      3%         2d3       88%         4
 Blade Hands              Tmut           1%         N/A       100%        5
 Summon Hydra             Summ           1%         N/A       100%        7


Dungeon Overview and Level Annotations

Branches:
Dungeon (10/15)            Temple (0/1) D:4
   Lair: D:8-11         Orc: D:9-12

Altars:
Dithmenos
Gozag
Hepliaklqana
Kikubaaqudgha
Okawaru
Qazlal
Wu Jian
Yredelemnul
Zin

Shops:
D:2 :   D:3 *


Innate Abilities, Weirdness & Mutations

You are too large for most types of armour.
You have tough skin. (AC +1)


Message History

The yak is distracted by your dazzling golden aura.
A yak comes into view.
The yak bellows!
You thump the yak!
The yak is heavily wounded.
You hear a bellow!
The yak gores you!
You are too injured to fight recklessly!
You are too injured to fight recklessly!
You are too injured to fight recklessly!
You barely miss the yak.
The yak is heavily wounded.
The yak barely misses you.
You impale the yak!!
You kill the yak!
A yak comes into view.
The yak gores you!
You puncture the yak!
The yak is lightly wounded.
The yak is no longer distracted by gold.
The yak gores you!
* * * LOW HITPOINT WARNING * * *
You hit the yak but do no damage.
The yak is lightly wounded.
The yak gores you!
* * * LOW HITPOINT WARNING * * *
You sock the yak!
The yak is moderately wounded.
The yak barely misses you.
You barely miss the yak.
The yak is moderately wounded.
The yak gores you!
* * * LOW HITPOINT WARNING * * *
You pound the yak like an anvil!!!
You kill the yak!
You bludgeon the yak!!
The yak is severely wounded.
The yak gores you!
You die...
Your body crumbles into a pile of gold.

#### .Y# ########## #Y#
.........# #@#
.#######.######.#######
#.##.........#..
#.######.##.........#.#
#........#.........#.#
#.####<###..........#.######
#.## ##................# #.#
#............###.# #.##
##..............#.##


You could see 2 yaks.

Vanquished Creatures
  Harold (D:9)
  The ghost of Lexicon the Covert, a novice SpSu of Dithmenos (D:7)
  An unseen horror (D:10)
  2 hornets
  Grinder (D:5)
  11 yaks (D:10)
  2 steam dragons (D:9)
  2 acid dragons (D:9)
  2 orc warriors
  A sky beast (D:8)
  2 ice beasts
  3 ogres
  2 centaurs (D:8)
  A kobold brigand (D:6)
  3 bullfrogs
  A scorpion (D:6)
  3 killer bees (D:7)
  A howler monkey (D:9)
  A centaur zombie (D:7)
  An orc priest (D:8)
  5 hounds
  3 jellies
  2 iguanas
  Jessica (D:3)
  2 gnoll boudas
  8 orc wizards
  A killer bee zombie (D:7)
  8 gnolls
  9 adders
  A shadow imp (D:7)
  A white imp (D:5)
  An ufetubus (D:5)
  A worm (D:4)
  4 dart slugs
  26 orcs
  5 bats
  7 endoplasms
  4 giant cockroaches
  2 hobgoblins
  8 jackals
  2 quokkas
  7 ball pythons
  4 frilled lizards
  7 goblins
  10 kobolds
  3 rats
174 creatures vanquished.

Vanquished Creatures (others)
  An orc (D:8)
  4 fungi (D:4)
5 creatures vanquished.

Grand Total: 179 creatures vanquished

Notes
Turn   | Place    | Note
-------+----------+-------------------------------------------
     0 | D:1      | Hubris850 the Ogre Gladiator began the quest for the Orb.
     0 | D:1      | Reached XP level 1. HP: 22/22 MP: 1/1
   138 | D:1      | Found a faded altar of an unknown god.
   146 | D:1      | Prayed at the altar of an unknown god.
   146 | D:1      | Became a worshipper of Gozag Ym Sagoz the Greedy
   478 | D:1      | Reached XP level 2. HP: 29/29 MP: 2/2
  1013 | D:2      | Reached skill level 3 in Maces & Flails
  1013 | D:2      | Reached XP level 3. HP: 37/37 MP: 3/3
  1183 | D:2      | Found an opulent altar of Gozag.
  1221 | D:2      | Found Gapher's Book Shoppe.
  1973 | D:3      | Found a shadowy altar of Dithmenos.
  2091 | D:3      | Found an opulent altar of Gozag.
  2092 | D:3      | Found Gozag's Platinum Reserve.
  2284 | D:3      | Noticed Jessica
  2295 | D:3      | Killed Jessica
  2296 | D:3      | Reached XP level 4. HP: 24/48 MP: 4/4
  2787 | D:4      | Reached XP level 5. HP: 46/54 MP: 5/5
  2852 | D:4      | Found an ancient bone altar of Kikubaaqudgha.
  2863 | D:4      | Found a hazy altar of Hepliaklqana.
  3009 | D:4      | Found a staircase to the Ecumenical Temple.
  3530 | D:4      | Reached XP level 6. HP: 61/62 MP: 6/6
  3927 | D:5      | Entered Level 5 of the Dungeon
  3937 | D:5      | Reached skill level 4 in Maces & Flails
  4073 | D:5      | Noticed an ice beast
  4137 | D:5      | Killed an ice beast
  4433 | D:5      | Reached skill level 5 in Maces & Flails
  4433 | D:5      | Reached XP level 7. HP: 60/70 MP: 7/7
  4902 | D:5      | Noticed Grinder
  4909 | D:5      | Killed Grinder
  4910 | D:5      | Reached skill level 6 in Maces & Flails
  4914 | D:5      | Learned a level 3 spell: Stone Arrow
  5333 | D:5      | Reached XP level 8. HP: 74/78 MP: 10/13
  5363 | D:5      | Reached skill level 1 in Conjurations
  5363 | D:5      | Reached skill level 1 in Earth Magic
  5474 | D:5      | Identified a scroll of acquirement
  5474 | D:5      | Acquired the ring of the Rescuing Gods {rElec rPois EV+5
                  | Int-2}
  5819 | D:6      | Found a stormy altar of Qazlal.
  6050 | D:6      | Reached skill level 7 in Maces & Flails
  6519 | D:6      | Found an iron altar of Okawaru.
  6522 | D:6      | Found an ornate altar of the Wu Jian Council.
  6735 | D:7      | Reached skill level 8 in Maces & Flails
  6829 | D:7      | Reached XP level 9. HP: 46/84 MP: 12/14
  6988 | D:7      | Found a runed translucent gate.
  6988 | D:7      | Found a runed translucent gate.
  6988 | D:7      | Found a runed translucent gate.
  6988 | D:7      | Noticed Lexicon's ghost (novice SpSu)
  6990 | D:7      | Found a basalt altar of Yredelemnul.
  7665 | D:7      | Killed Lexicon's ghost
  7666 | D:7      | Reached skill level 9 in Maces & Flails
  7776 | D:8      | Found the ring of Shadows {Umbra +Inv Stlth+}
  7793 | D:8      | Noticed a hornet
  7800 | D:8      | Killed a hornet
  7801 | D:8      | Reached skill level 1 in Evocations
  7968 | D:8      | Reached skill level 10 in Maces & Flails
  9085 | D:9      | Noticed Harold
  9096 | D:9      | Killed Harold
  9097 | D:9      | Reached skill level 11 in Maces & Flails
  9097 | D:9      | Reached XP level 10. HP: 28/92 MP: 5/15
  9104 | D:9      | HP: 4/92 [acid dragon/splash of acid (23)]
  9815 | D:9      | Found a glowing silver altar of Zin.
 10269 | D:10     | Entered Level 10 of the Dungeon
 10517 | D:10     | Killed an unseen horror
 10792 | D:10     | Identified the +0 robe "Luleggom" {rPois}
 10885 | D:10     | Reached skill level 12 in Maces & Flails
 11000 | D:10     | Slain by a yak

Illustrated notes

Levels and vault maps discovered:
D:1:      dpeg_arrival_ternary, layout_basic,
          ebering_ecumenical_altar_abandoned, kennysheep_decorative_pillar,
          nicolae_kite_square_tiling_tiny, minmay_heptomino_h4
D:2:      layout_loops_ring, basic_altar, serial_shops, shop_statue,
          serial_aquarium, aquarium_bridge_square [aquarium_subvault_wall,
          aquarium_subvault_wall, aquarium_subvault_bridge,
          aquarium_subvault_window], aquarium_window_fake, aquarium_window_2,
          aquarium_window_fake, aquarium_view_2a, aquarium_view_2a,
          aquarium_balcony_3b, aquarium_pool_1
D:3:      layout_loops_corners, nicolae_gozag_zags_fifth_avenue,
          mainiacjoe_overflow_catwalk, kennysheep_jessica_study
D:4:      kb_forest_paths, layout_basic, grunt_temple_overflow_open,
          serial_aquarium, aquarium_bridge_long_joined
          [aquarium_subvault_window, aquarium_subvault_wall,
          aquarium_subvault_wall, aquarium_subvault_wall,
          aquarium_subvault_bridge, aquarium_subvault_balcony],
          aquarium_window_fake, aquarium_window_corner, aquarium_window_1,
          aquarium_view_2f, aquarium_pool_2
D:5:      layout_loops_ring, minmay_manual_mess, uniq_grinder
D:6:      layout_loops_ring, nicolae_qazlal_eye_of_the_storm,
          mainiacjoe_overflow_catwalk_spiral
D:7:      layout_loops_ring, nicolae_yredelemnul_ghost_church,
          uniq_crazy_yiuf_cottage
D:8:      layout_basic
D:9:      layout_grid_maze, mainiacjoe_overflow_brackets, uniq_harold
D:10:     cheibrodos_iron_armory, layout_loops_ring

Skill      XL: |  1  2  3  4  5  6  7  8  9 10 |
---------------+-------------------------------+-----
Fighting       | 3 4 |  4.0
Maces & Flails | 3 5 6 8 11 12 | 12.7
Dodging        | 3 4 |  4.0
Throwing       | 3 4 |  4.0
Spellcasting   | 3 |  3.8
Conjurations   | 1 |  1.2
Earth Magic    | 1 |  1.2
Evocations     | 3 4 |  4.0

Action                     |  1- 3 |  4- 6 |  7- 9 | 10-12 || total
---------------------------+-------+-------+-------+-------++-------
  Melee: Flail             |   117 |       |       |       ||   117
         Punch             |     1 |       |       |       ||     1
         Whip              |     6 |   109 |       |       ||   115
         Hand axe          |       |    47 |    91 |     7 ||   145
         Giant spiked club |       |       |   185 |    96 ||   281
  Throw: Throwing net      |     3 |       |       |       ||     3
         Large rock        |     1 |       |       |       ||     1
         Dart              |       |     8 |    31 |       ||    39
Ability: Evoke Invisibilit |       |       |       |     1 ||     1
  Evoke: Wand              |       |       |     8 |     2 ||    10
    Use: Scroll            |       |     4 |    14 |       ||    18
         Potion            |       |       |     4 |     3 ||     7
   Stab: Distracted        |     1 |       |       |       ||     1
         Invisible         |       |       |     1 |       ||     1
         Sleeping          |       |       |     1 |     2 ||     3
 Armour: Robe              |    52 |    35 |    79 |    19 ||   185
  Dodge: Dodged            |    76 |    91 |   222 |    90 ||   479

Table legend: (Time is in decaauts)
 A = Elapsed time spent in this place.
 B = Non-inter-level travel time spent in this place.
 C = Inter-level travel time spent in this place.
 D = Time resting spent in this place.
 E = Time spent auto-exploring this place.
 F = Levels seen in this place.
 G = Mean time per level.
                   A        B        C        D        E       F      G
               +--------+--------+--------+--------+--------+-----+--------+
         Total |  11116 |  10792 |    324 |   2027 |   7124 |  10 | 1111.6 |
       Dungeon |  11116 |  10792 |    324 |   2027 |   7124 |  10 | 1111.6 |
               +--------+--------+--------+--------+--------+-----+--------+

Top non-repeatable levels by time:
     D:9: 1647 daAuts
     D:5: 1521 daAuts
     D:4: 1311 daAuts
     D:6: 1138 daAuts
     D:7: 1083 daAuts
     D:3: 1041 daAuts
     D:1: 905 daAuts
     D:8: 864 daAuts
     D:2: 856 daAuts
    D:10: 746 daAuts
